 Dungeon Crawl Stone Soup version 0.29.0-13-gc9e81de378 (webtiles) character file.

Game seed: 15478077811544578294

37 robertstho the Ruffian (level 3, -1/30 HPs)
             Began as a Vine Stalker Berserker on Sept 7, 2022.
             Was a Follower of Trog.
             Succumbed to an adder's poison
             ... on level 2 of the Dungeon.
             The game lasted 00:00:46 (1767 turns).

robertstho the Ruffian (Vine Stalker Berserker)     Turns: 1767, Time: 00:00:46

Health: -1/30      AC:  2    Str: 21    XL:     3   Next: 39%
Magic:  2/4        EV: 11    Int:  7    God:    Trog [*.....]
Gold:   21         SH:  3    Dex: 13    Spells: 2/2 levels left

rFire   . . .      SeeInvis .     - Unarmed
rCold   . . .      Faith    .   i - +0 buckler
rNeg    . . .      Spirit   +   a - +0 animal skin
rPois   .          Reflect  .   (no helmet)
rElec   .          Harm     .   (no cloak)
rCorr   .          Rampage  .   (no gloves)
Will    .....                   (no boots)
Stlth   ..........              (no amulet)
HPRegen 0.10/turn               (no ring)
MPRegen 0.09/turn               (no ring)

@: berserking, lethally poisoned (-1 -> -10), very quick
A: fangs 2, magic shield, antimagic bite, no potion heal 2
a: Renounce Religion, Berserk


You were on level 2 of the Dungeon.
You worshipped Trog.
Trog was aware of your devotion.
You visited 1 branch of the dungeon, and saw 2 of its levels.

You collected 21 gold pieces.

Inventory:

Armour
 a - a +0 animal skin (worn)
 i - a +0 buckler (worn)
Scrolls
 c - 2 scrolls of identify {unknown}
 e - 3 scrolls of amnesia {unknown}
Potions
 b - a potion of brilliance {unknown}
 d - a potion of mutation {unknown}
 f - a potion of flight {unknown}
 g - a potion of magic {unknown}
 h - a potion of invisibility {unknown}


   Skills:
 * Level 3.2 Fighting
 * Level 1.8 Armour
 + Level 1.8 Dodging
 + Level 0.6 Stealth
 + Level 3.4 Unarmed Combat


You had 2 spell levels left.
You didn't know any spells.
Your spell library was empty.

Dungeon Overview and Level Annotations

Branches:
Dungeon (2/15)

Altars:


Innate Abilities, Weirdness & Mutations

You have extremely sharp teeth.
When hurt, damage is shared between your health and your magic reserves.
Your bite disrupts and absorbs the magic of your enemies.
Potions cannot restore your health.


Message History

You are poisoned.
The adder poisons you! The adder closely misses you.
You miss the adder.
You feel sick. The bat hits you but does no damage. The adder bites you.
You are more poisoned.
The adder poisons you!
You hit the adder. You bite the adder. You drain its power.
You feel invigorated.
The adder is heavily wounded.
You feel sick. The bat closely misses you. The adder bites you.
You are lethally poisoned!
The adder poisons you! The adder bites you.
You are more poisoned.
The adder poisons you!
A red film seems to cover your vision as you go berserk!
You feel yourself moving faster!
You feel mighty!
* * * LOW HITPOINT WARNING * * *
You feel very sick. The bat completely misses you. The adder barely misses you.
You closely miss the adder.
The adder is heavily wounded.
* * * LOW HITPOINT WARNING * * *
You feel sick. The bat misses you. The adder barely misses you.
You miss the adder. Your bite misses the adder.
The adder is heavily wounded.
* * * LOW HITPOINT WARNING * * *
You feel sick. The bat hits you but does no damage.
The adder completely misses you.
You barely miss the adder.
The adder is heavily wounded.
* * * LOW HITPOINT WARNING * * *
You feel sick. The bat misses you.
You miss the adder.
The adder is heavily wounded.
* * * LOW HITPOINT WARNING * * *
You feel sick. You block the adder's attack. The bat closely misses you.
You punch the adder!
You kill the adder!
Trog accepts your kill.
You die...

###...###.÷###
........)....# P~~~.
###.#.#..###.# ~~~~~
#........#### ≈~.≈
#........# ~~#
##........#######.## .##
............(..#...#...#
##........##............
)..............b@†......
..........#.............
............#...........
.......###..#..#...#...#
....#### ##..####.## .##
..### #### ≈≈ ~# ..# ≈~.
. ..# ~~~~ ..#


You could see a bat.

Vanquished Creatures
  2 adders (D:2)
  A worm (D:2)
  A dart slug (D:2)
  3 ball pythons (D:1)
  2 bats
  2 endoplasms (D:1)
  A giant cockroach (D:1)
  2 goblins (D:1)
  A hobgoblin (D:2)
  2 kobolds
  3 quokkas (D:2)
  A frilled lizard (D:2)
21 creatures vanquished.

Vanquished Creatures (others)
  9 plants (D:2)
9 creatures vanquished.

Grand Total: 30 creatures vanquished

Notes
Turn   | Place    | Note
-------+----------+-------------------------------------------
     0 | D:1      | robertstho the Vine Stalker Berserker began the quest for
                  | the Orb.
     0 | D:1      | Reached XP level 1. HP: 11/11 MP: 2/2
   496 | D:1      | Reached XP level 2. HP: 16/16 MP: 3/3
  1434 | D:2      | Found a faded altar of an unknown god.
  1509 | D:2      | Reached XP level 3. HP: 13/20 MP: 1/4
  1766 | D:2      | HP: 1/30 [poisoned by an adder]
  1767 | D:2      | Succumbed to an adder's poison

Illustrated notes

Levels and vault maps discovered:
D:1:      amcnicky_arrival_flooded_fountain, layout_basic
D:2:      wad_lake_hut, layout_rooms, shapermc_ecumenical_altar_pompeii,
          serial_shops, shop, basic_altar

Skill      XL: |  1  2 |
---------------+-------+-----
Fighting       | 3 |  3.2
Armour         | |  1.8
Dodging        | |  1.8
Stealth        | |  0.6
Unarmed Combat | |  3.4

Action                   || total
-------------------------++-------
Melee: Unarmed           ||    77
       Bite              ||    16
       Punch             ||     1
Invok: Berserk           ||     1
 Stab: Sleeping          ||     2
Armor: Animal skin       ||    18
Dodge: Dodged            ||    41
Block: Buckler           ||     6
